 Dungeon Crawl Stone Soup version 0.24-a0-479-g9a978d2 (webtiles) character file.

Game seed: 3307102952280735214

121 silentkaos13 the Chucker (level 5, -2/31 HPs)
             Began as a Kobold Hunter on July 7, 2019.
             Slain by a gnoll
             ... wielding a +0 halberd
              (6 damage)
             ... on level 3 of the Dungeon.
             The game lasted 00:11:27 (1750 turns).

silentkaos13 the Chucker (Kobold Hunter)            Turns: 1750, Time: 00:11:29

Health: -2/31      AC:  6    Str: 10    XL:     5   Next: 26%
Magic:  5/5        EV: 16    Int: 12    God:
Gold:   67         SH:  0    Dex: 16    Spells: 4/4 levels left

rFire    . . .     SeeInvis .   a - +0 short sword
rCold    . . .     Gourm    .   (shield restricted)
rNeg     . . .     Faith    .   b - +0 leather armour
rPois    .         Spirit   .   h - +0 helmet
rElec    .         Reflect  .   (no cloak)
rCorr    .         Harm     .   (no gloves)
MR       .....                  l - +1 pair of boots {run}
Stlth    ++........             (no amulet)
HPRegen  0.10/turn              (no ring)
MPRegen  0.09/turn              (no ring)

@: quick
A: small, carnivore
a: no special abilities


You were on level 3 of the Dungeon.
You were not hungry.

You visited 1 branch of the dungeon, and saw 3 of its levels.

You collected 67 gold pieces.

Inventory:

Hand Weapons
 a - a +0 short sword (weapon)
Missiles
 c - 3 boomerangs (quivered)
 d - 2 throwing nets
 e - 99 stones
 g - 8 curare-tipped darts
Armour
 b - a +0 leather armour (worn)
 h - a +0 helmet (worn)
 l - a +1 pair of boots of running (worn)
 p - a +0 scale mail
Scrolls
 i - 4 scrolls of amnesia {unknown}
 j - a scroll of enchant armour {unknown}
 k - 3 scrolls of remove curse {unknown}
 n - 2 scrolls of identify
 o - a scroll of magic mapping {unknown}
 s - a scroll of immolation {unknown}
Potions
 m - 2 potions of magic {unknown}
 q - 2 potions of mutation {unknown}
 r - a potion of might {unknown}
Comestibles
 f - 3 rations


   Skills:
 + Level 2.4 Fighting
 + Level 0.2 Short Blades
 + Level 6.0 Throwing
 + Level 0.5 Armour
 + Level 3.6 Dodging
 + Level 1.7 Stealth


You had 4 spell levels left.
You didn't know any spells.
Your spell library was empty.

Dungeon Overview and Level Annotations

Branches:
Dungeon (3/15)

Altars:


Innate Abilities, Weirdness & Mutations

You are small and have problems with some larger weapons.
You are carnivorous and can eat meat at any time.


Message History

Aim: a gnoll, wielding a +0 halberd (heavily wounded)
You throw a boomerang. The boomerang hits the gnoll.
The gnoll is severely wounded.
The gnoll hits you from afar with a +0 halberd.
* * * LOW HITPOINT WARNING * * *
Throwing (i - inventory. (/) - cycle)
c - 3 boomerangs (quivered)
Press: ? - help, Shift-Dir - straight line, f/p - gnoll
Aim: a gnoll, wielding a +0 halberd (severely wounded)
You throw a boomerang. The boomerang barely misses the gnoll.
Throwing (i - inventory. (/) - cycle)
c - 3 boomerangs (quivered)
Press: ? - help, Shift-Dir - straight line, f/p - gnoll
Aim: a gnoll, wielding a +0 halberd (severely wounded)
You throw a boomerang. The boomerang closely misses the gnoll.
The gnoll misses you.
Throwing (i - inventory. (/) - cycle)
c - 3 boomerangs (quivered)
Press: ? - help, Shift-Dir - straight line, f/p - gnoll
Aim: a gnoll, wielding a +0 halberd (severely wounded)
You throw a boomerang. The boomerang barely misses the gnoll.
The gnoll hits you from afar with a +0 halberd.
You die...

........#
#######..#
##..
.........#
#...
##.####<##
#..#
#.####.#
#..#
#.÷.##.#
#..#
###.##.#
#..#####
####.##.#
#......#
........####
#@#
...........#
#.#
####.#####.#
#g# #.# #.#
#.# #.# #.#
#.#
##.#####.#
#)#
.........##
#.# #†#
#)..####.#
.###.#
#...g)...#


You could see a gnoll.

Vanquished Creatures
  Robin (D:2)
  4 adders
  A gnoll (D:3)
  A worm (D:3)
  3 dart slugs
  A leopard gecko (D:2)
  A giant cockroach (D:3)
  12 goblins
  7 hobgoblins
  2 jackals (D:3)
  5 kobolds
  A quokka (D:3)
  4 bats
  6 frilled lizards
  5 rats
54 creatures vanquished.

Notes
Turn   | Place    | Note
-------+----------+-------------------------------------------
     0 | D:1      | silentkaos13 the Kobold Hunter began the quest for the Orb.
     0 | D:1      | Reached XP level 1. HP: 12/12 MP: 1/1
   109 | D:1      | Reached XP level 2. HP: 17/17 MP: 2/2
   415 | D:1      | Identified a +1 pair of boots of running (You found it on
                  | level 1 of the Dungeon)
   782 | D:2      | Reached XP level 3. HP: 21/21 MP: 3/3
   846 | D:2      | Reached skill level 5 in Throwing
   923 | D:2      | Noticed Robin
   948 | D:2      | Reached XP level 4. HP: 27/27 MP: 4/4
   966 | D:2      | Killed Robin
  1604 | D:3      | Reached XP level 5. HP: 31/31 MP: 5/5
  1733 | D:3      | Reached skill level 6 in Throwing
  1750 | D:3      | Slain by a gnoll

Levels and vault maps discovered:
D:1:      scummos_arrival_checkerplants, layout_basic
D:2:      layout_basic, okawaru_altar_gauntlet_db, first_ration, uniq_robin
D:3:      layout_loops_ring

Skill      XL: |  1  2  3  4  5 |
---------------+----------------+-----
Dodging        | 3 |  3.6
Throwing       | 5 6 |  6.0
Fighting       | |  2.4
Short Blades   | |  0.2
Armour         | |  0.5
Stealth        | |  1.7

Action                   |  1- 3 |  4- 6 || total
-------------------------+-------+-------++-------
Melee: Short sword       |    17 |    11 ||    28
Throw: Boomerang         |    57 |    93 ||   150
  Use: Scroll            |     3 |       ||     3
       Potion            |       |     2 ||     2
  Eat: Chunk             |     1 |     1 ||     2
Armor: Leather armour    |    13 |    16 ||    29
Dodge: Dodged            |    30 |    68 ||    98

Table legend:
 A = Non-vault XP
 B = Vault XP
 C = Vault XP percentage of total XP
 D = Non-vault monster count
 E = Vault monster count
 F = Vault count percentage of total count
                 A         B        C        D         E       F
            +---------+---------+-------+---------+---------+-------
      Total |     135 |      38 |  22.0 |      42 |      12 |  22.2
            +---------+---------+-------+---------+---------+-------
        D:1 |      20 |       0 |   0.0 |      11 |       0 |   0.0
        D:2 |      59 |      38 |  39.2 |      13 |      12 |  48.0
        D:3 |      56 |       0 |   0.0 |      18 |       0 |   0.0
            +---------+---------+-------+---------+---------+-------
